 Dungeon Crawl Stone Soup version 0.30-a0-782-ge64f9170bb (webtiles) character file.

Game seed: 4028316786172295433

2 tsouns the Ducker (level 1, -1/14 HPs)
             Began as an Octopode Gladiator on Mar 14, 2023.
             Slain by a hobgoblin (2 damage)
             ... on level 1 of the Dungeon.
             The game lasted 00:00:23 (44 turns).

tsouns the Ducker (Octopode Gladiator)                Turns: 44, Time: 00:00:24

Health: -1/14      AC:  1    Str: 13    XL:     1   Next: 30%
Magic:  1/1        EV: 13    Int: 10    God:
Gold:   0          SH:  0    Dex: 13    Spells: 0/0 levels left

rFire   . . .      SeeInvis .    a - +0 trident
rCold   . . .      Faith    .    (no shield)
rNeg    . . .      Spirit   .    b - +0 hat
rPois   .          Reflect  .    (no amulet)
rElec   .          Harm     .    (no ring)
rCorr   .          Rampage  .    (no ring)
Will    .....                    (no ring)
Stlth   ++                       (no ring)
HPRegen 0.22/turn                (no ring)
MPRegen 0.07/turn                (no ring)
                                 (no ring)
                                 (no ring)

@: no status effects
A: almost no armour, amphibious, 8 rings, camouflage 1, gelatinous body 1,
(nimble swimmer 1), tentacles
a: no special abilities


You were on level 1 of the Dungeon.
You visited 1 branch of the dungeon, and saw 1 of its levels.

Inventory:

Hand Weapons
 a - a +0 trident (weapon)
Missiles
 c - 3 throwing nets (quivered)
 d - a javelin
Armour
 b - a +0 hat (worn)


   Skills:
 + Level 2.0 Fighting
 + Level 3.0 Polearms
 - Level 2.0 Throwing
 + Level 3.0 Dodging
 + Level 0.2 Stealth


You couldn't memorise any spells.
You didn't know any spells.
Your spell library was empty.

Dungeon Overview and Level Annotations

Branches:
Dungeon (1/15)

Altars:


Innate Abilities, Weirdness & Mutations

You cannot wear most types of armour.
You are amphibious.
You can wear up to eight rings at the same time.
Your skin changes colour to match your surroundings (Stealth+).
Your rubbery body absorbs attacks. (AC +1, EV +1)
((You are camouflaged when in or above water. (Stealth+)))
You have tentacles for arms and can constrict up to eight enemies at once.


Message History

The hobgoblin closely misses you. The hobgoblin attacks as you move away!
The hobgoblin barely misses you. The quokka attacks as you move away!
The quokka closely misses you. The quokka closely misses you.
The endoplasm attacks as you move away! The endoplasm hits you.
The quokka attacks as you move away! The quokka bites you.
* * * LOW HITPOINT WARNING * * *
The endoplasm attacks as you move away! The endoplasm barely misses you.
The quokka attacks as you move away! The quokka closely misses you.
The quokka attacks as you move away! The quokka barely misses you.
The quokka bites you.
* * * LOW HITPOINT WARNING * * *
The quokka attacks as you move away! The quokka closely misses you.
The quokka twitches its whiskers.
You hit the quokka. Your grab misses the quokka.
The quokka is heavily wounded.
The quokka barely misses you. The quokka bites you.
* * * LOW HITPOINT WARNING * * *
You barely miss the quokka. Your grab misses the quokka.
Your squeeze misses the quokka.
The quokka is heavily wounded.
The quokka misses you.
You barely miss the quokka. You grab the quokka.
You tentacle-slap the quokka, but do no damage.
The quokka is heavily wounded.
You constrict the quokka, but do no damage.
The quokka barely misses you. The hobgoblin closely misses you.
You completely miss the quokka.
The quokka is heavily wounded.
You constrict the quokka. The quokka misses you.
The hobgoblin barely misses you. The quokka closely misses you.
You hit the quokka.
You kill the quokka!
The hobgoblin hits you.
* * * LOW HITPOINT WARNING * * *
Unknown command.
You hit the goblin.
You kill the goblin!
The hobgoblin hits you.
You die...

###############
#......<.g....#
#.......@B....#
##...≈≈≈≈≈J..##
#...≈≈≈§§...#
##...≈≈≈...##
#...§≈≈...#
##...≈...##
#...§...#
##.....##
#.....#


You could see an endoplasm, a giant cockroach and a hobgoblin.

Vanquished Creatures
  A goblin (D:1)
  A quokka (D:1)
  A rat (D:1)
3 creatures vanquished.

Notes
Turn   | Place    | Note
-------+----------+-------------------------------------------
     0 | D:1      | tsouns the Octopode Gladiator began the quest for the Orb.
     0 | D:1      | Reached XP level 1. HP: 14/14 MP: 1/1
    44 | D:1      | Slain by a hobgoblin

Illustrated notes

Levels and vault maps discovered:
D:1:      lemuel_arrival_funnel, layout_rooms

Action                     || total
---------------------------++-------
  Melee: Trident           ||    13
         Constrict         ||     3
         Punch             ||     1
  Dodge: Dodged            ||    30

Table legend: (Time is in decaauts)
 A = Elapsed time spent in this place.
 B = Non-inter-level travel time spent in this place.
 C = Inter-level travel time spent in this place.
 D = Time resting spent in this place.
 E = Time spent auto-exploring this place.
 F = Levels seen in this place.
 G = Mean time per level.
                   A        B        C        D        E       F      G
               +--------+--------+--------+--------+--------+-----+--------+
         Total |     45 |     45 |      0 |      0 |     13 |   1 |   45.0 |
       Dungeon |     45 |     45 |      0 |      0 |     13 |   1 |   45.0 |
               +--------+--------+--------+--------+--------+-----+--------+

Top non-repeatable levels by time:
     D:1: 45 daAuts
